 Dungeon Crawl Stone Soup version 0.28-a0-48-gfd831c5874 (webtiles) character file.

Game seed: 7169425399320894234

3089 pkoi the Grappler (level 9, 0/79 HPs)
             Began as a Pale Draconian Monk on July 30, 2021.
             Was a Priest of Dithmenos.
             Slain by an unseen horror (6 damage)
             ... on level 6 of the Dungeon.
             The game lasted 00:10:33 (7259 turns).

pkoi the Grappler (Pale Draconian Monk)             Turns: 7259, Time: 00:10:34

Health: 0/79       AC:  9    Str: 15    XL:     9   Next: 59%
Magic:  9/9        EV: 14    Int: 13    God:    Dithmenos [***...]
Gold:   412        SH:  0    Dex: 13    Spells: 8/8 levels left

rFire   . . .      SeeInvis .     - Unarmed
rCold   . . .      Faith    .   (no shield)
rNeg    . . .      Spirit   .   (armour unavailable)
rPois   .          Reflect  .   (helmet restricted)
rElec   .          Harm     .   n - +1 cloak
rCorr   .          Rampage  .   (no gloves)
Will    .....                   (no boots)
Stlth   ++........              (no amulet)
HPRegen 0.23/turn               (no ring)
MPRegen 0.11/turn               (no ring)

@: wreathed by umbra, studying 2 skills
A: breathe steam, AC +7, unfitting armour, cold-blooded, steam resistance
a: Breathe Steam, Renounce Religion, Shadow Step


You were on level 6 of the Dungeon.
You worshipped Dithmenos.
Dithmenos was most pleased with you.
You visited 1 branch of the dungeon, and saw 7 of its levels.

You collected 412 gold pieces.

Inventory:

Missiles
 a - 42 poisoned darts (quivered)
 c - 2 throwing nets
 g - 7 boomerangs of dispersal
Armour
 n - a +1 cloak (worn)
Jewellery
 b - a ring of protection from fire
 e - a ring of poison resistance
 h - a +6 ring of intelligence
Scrolls
 d - a scroll of amnesia
 k - a scroll of fear
 o - 2 scrolls of identify
Potions
 f - a potion of brilliance {unknown}
 i - 3 potions of curing
 j - 2 potions of might {unknown}
 l - 2 potions of invisibility {unknown}
 m - 2 potions of haste {unknown}
 p - a potion of mutation {unknown}
 v - a potion of cancellation {unknown}


   Skills:
 + Level 7.2 Fighting
 + Level 6.0 Dodging
 - Level 1.7 Stealth
 + Level 12.5 Unarmed Combat


You had 8 spell levels left.
You didn't know any spells.
Your spell library contained the following spells:

 Spells                   Type           Power      Damage    Failure   Level
 Ignite Poison            Fire/Tmut/Pois 0%         N/A       67%         3
 Mephitic Cloud           Conj/Pois/Air  0%         N/A       67%         3
 Bolt of Magma            Conj/Fire/Erth 0%         4d4       100%        5


Dungeon Overview and Level Annotations

Branches:
Dungeon (7/15)             Temple (0/1) D:6

Altars:
Cheibriados
Dithmenos
Elyvilon
Nemelex Xobeh
Okawaru
Sif Muna
Vehumet
The Shining One


Innate Abilities, Weirdness & Mutations

You can breathe blasts of scalding, opaque steam.
Your pale cyan-grey scales are hard. (AC +7)
You cannot fit into any form of body armour.
You are cold-blooded and may be slowed by cold attacks.
You are immune to the effects of steam.


Message History

You punch the wyvern!
You kill the wyvern!
Dithmenos accepts your kill. Something barely misses you.
Your Dodging skill increases to level 6!
Something barely misses you. Something hits you!
You miss something. Something hits you. Something barely misses you.
You hit something. Something hits you but does no damage.
Something barely misses you. The water moccasin zombie misses you.
Something hits you but does no damage.
You see here a +0 club.
Something hits you.
* * * LOW HITPOINT WARNING * * *
There is a stone staircase leading up, spattered with blood here.
Something hits you but does no damage.
The water moccasin zombie bites you but does no damage.
Something hits you but does no damage. The troll bites you!
* * * LOW HITPOINT WARNING * * *
The troll closely misses you. The troll claws you.
* * * LOW HITPOINT WARNING * * *
The water moccasin zombie bites you but does no damage.
You climb upwards.
Reactivating autopickup.
There is a stone staircase leading down here.
As you read the scroll of teleportation, it crumbles to dust.
You feel strangely unstable. Something hits you but does no damage.
Deactivating autopickup; reactivate with Ctrl-A.
The troll closely misses you. The troll claws you but does no damage.
The troll closely misses you. Something hits you but does no damage.
Something completely misses you.
Your surroundings seem slightly different.
Something hits you.
* * * LOW HITPOINT WARNING * * *
Something hits you but does no damage.
There is an open door here.
Something hits you but does no damage. Something hits you.
* * * LOW HITPOINT WARNING * * *
Something is blocking the doorway!
Something hits you.
You die...

#.# #.#...≈...#.# #.# #.#
#.###.########'.# ##.## #.#
......# #.# #########.#.## #.#
#.##### ##'## #....###.# #.# #.#
##...## #.###.#.## #.#
#.######.....## #(####.## ####.#
......#.......## #.#.#### #.....
..###..........###....######.##.#
.........>...T.'@.......†........
..###..........###....######.####
..# #.#.......####.#.## #.# #.
#.# #.##.....#..)....# #.###.
#.###.###...##.###.#.# #.....
......# ##+###.# #.#.# #####.
#.##### #.# #.# #.#.### #.
#.########.# #.# #.....# #.
.........#.###.# ###.#.# #.


You could see a troll.

Vanquished Creatures
  A two-headed ogre (D:7)
  A troll (D:7)
  A wyvern (D:7)
  A steam dragon (D:7)
  2 water moccasins
  2 sky beasts
  3 ogres
  A centaur (D:7)
  A kobold brigand (D:7)
  A bullfrog (D:7)
  3 scorpions
  A water moccasin skeleton (D:5)
  A bullfrog zombie (D:5)
  A centaur zombie (D:5)
  2 hounds
  2 bullfrog skeletons
  2 jellies
  3 iguanas
  2 orc wizards (D:5)
  Natasha (thrice) (D:3)
  2 killer bee zombies (D:7)
  7 gnolls
  A howler monkey skeleton (D:7)
  11 adders
  2 shadow imps
  4 ufetubi
  An adder zombie (D:4)
  3 worms
  2 dart slugs
  16 orcs
  5 bats
  4 endoplasms
  6 giant cockroaches
  6 goblins
  6 hobgoblins
  10 jackals
  5 kobolds
  5 quokkas
  8 ball pythons
  3 frilled lizards
  A rat (D:2)
142 creatures vanquished.

Vanquished Creatures (others)
  2 kobolds (D:7)
2 creatures vanquished.

Grand Total: 144 creatures vanquished

Notes
Turn   | Place    | Note
-------+----------+-------------------------------------------
     0 | D:1      | pkoi the Draconian Monk began the quest for the Orb.
     0 | D:1      | Reached XP level 1. HP: 19/19 MP: 1/1
    54 | D:1      | Reached XP level 2. HP: 5/26 MP: 2/2
   882 | D:2      | Reached skill level 4 in Unarmed Combat
   882 | D:2      | Reached XP level 3. HP: 8/31 MP: 3/3
   886 | D:2      | HP: 2/46 [poisoned by an adder]
  2425 | D:3      | Reached skill level 11 in Unarmed Combat
  2425 | D:3      | Reached XP level 4. HP: 38/38 MP: 4/4
  2556 | D:3      | Reached XP level 5. HP: 43/45 MP: 5/5
  3062 | D:3      | Noticed Natasha
  3067 | D:3      | Killed Natasha
  3133 | D:3      | Found a faded altar of an unknown god.
  3233 | D:3      | Noticed Natasha
  3242 | D:3      | Killed Natasha
  3355 | D:3      | Reached XP level 6. HP: 50/52 MP: 6/6
  3377 | D:3      | Identified a scroll of acquirement
  3377 | D:3      | Acquired a manual of Transmutations
  3384 | D:3      | Noticed Natasha
  3392 | D:3      | Killed Natasha
  3972 | D:4      | Found a shadowy altar of Dithmenos.
  4006 | D:4      | Became a worshipper of Dithmenos the Shadowed
  4006 | D:4      | Reached * piety under Dithmenos
  4006 | D:4      | Reached ** piety under Dithmenos
  4064 | D:4      | Your scales start taking on a pale cyan-grey colour.
  4064 | D:4      | Reached XP level 7. HP: 41/59 MP: 7/7
  4064 | D:4      | Gained mutation: You are immune to the effects of steam.
                  | [Pale Draconian growth]
  4825 | D:5      | Entered Level 5 of the Dungeon
  4858 | D:5      | Identified the +1 robe of Dasy {*Corrode rF+ Int+3}
  4965 | D:5      | Found a shimmering blue altar of Sif Muna.
  5150 | D:5      | Reached skill level 5 in Fighting
  5155 | D:5      | Reached XP level 8. HP: 61/68 MP: 8/8
  5226 | D:5      | Found a sparkling altar of Nemelex Xobeh.
  5306 | D:5      | Found an iron altar of Okawaru.
  5738 | D:6      | Found a staircase to the Ecumenical Temple.
  6409 | D:6      | Found a white marble altar of Elyvilon.
  6409 | D:6      | Found a radiant altar of Vehumet.
  6445 | D:6      | Found a snail-covered altar of Cheibriados.
  6448 | D:6      | Reached skill level 12 in Unarmed Combat
  6506 | D:7      | Noticed a two-headed ogre
  6515 | D:7      | Killed a two-headed ogre
  6516 | D:7      | Reached skill level 5 in Dodging
  6516 | D:7      | Reached XP level 9. HP: 34/78 MP: 9/9
  6800 | D:7      | Reached *** piety under Dithmenos
  7118 | D:7      | Found a glowing golden altar of the Shining One.
  7170 | D:7      | Noticed a troll
  7190 | D:7      | Killed a troll
  7240 | D:7      | Noticed a troll
  7259 | D:6      | Slain by an unseen horror

Illustrated notes

Levels and vault maps discovered:
D:1:      psy_arrival_whirlpool, layout_basic
D:2:      minmay_chambers_of_ones, layout_basic
D:3:      layout_loops_cross, ebering_ecumenical_altar_webs, hex_large,
          uniq_natasha
D:4:      layout_cave_pods, nicolae_dithmenos_the_darkroom, minmay_manual_moon
D:5:      layout_rooms, nemelex_diamond_rough_becter, okawaru_altar_gauntlet_db,
          kennysheep_orc_sif_temple, corexii_shack
D:6:      layout_loops_corners, kennysheep_slug_shrine,
          mainiacjoe_overflow_divided_tiny, minmay_temple_entry_waves
D:7:      minmay_the_grid_octo_triangle [minmay_the_grid_octo_focus,
          minmay_the_grid_octo_prize_star, minmay_the_grid_octo_checkerflower],
          layout_basic, nicolae_tso_swordbearing_angel,
          gammafunk_temple_overflow_pools

Skill      XL: |  1  2  3  4  5  6  7  8  9 |
---------------+----------------------------+-----
Unarmed Combat | 4 11 12 | 12.5
Dodging        | 3 4 5 6 |  6.0
Fighting       | 4 5 6 7 |  7.2
Stealth        | |  1.7

Action                   |  1- 3 |  4- 6 |  7- 9 || total
-------------------------+-------+-------+-------++-------
Melee: Unarmed           |   149 |   104 |   218 ||   471
       Tailslap          |    15 |    12 |    18 ||    45
       Punch             |     2 |     2 |     9 ||    13
Throw: Dart              |     6 |       |     5 ||    11
 Abil: Breathe Steam     |       |       |     3 ||     3
  Use: Scroll            |     2 |     3 |     7 ||    12
       Potion            |     2 |       |       ||     2
 Stab: Sleeping          |     3 |     8 |     6 ||    17
Armor: Skin              |    56 |    20 |    79 ||   155
Dodge: Dodged            |   119 |    44 |   166 ||   329

Table legend: (Time is in decaauts)
 A = Elapsed time spent in this place.
 B = Non-inter-level travel time spent in this place.
 C = Inter-level travel time spent in this place.
 D = Time resting spent in this place.
 E = Time spent auto-exploring this place.
 F = Levels seen in this place.
 G = Mean time per level.
                   A        B        C        D        E       F      G
               +--------+--------+--------+--------+--------+-----+--------+
         Total |   7192 |   6865 |    327 |   1382 |   4443 |   7 | 1027.4 |
       Dungeon |   7192 |   6865 |    327 |   1382 |   4443 |   7 | 1027.4 |
               +--------+--------+--------+--------+--------+-----+--------+

Top non-repeatable levels by time:
     D:2: 1998 daAuts
     D:6: 1271 daAuts
     D:4: 1074 daAuts
     D:3: 861 daAuts
     D:1: 855 daAuts
     D:5: 783 daAuts
     D:7: 348 daAuts
